 BcadrenCrawl: Boulder Brew version 0.06-4-g7138dfb037 (webtiles) character file.

Game seed: 10860063589724457640, levelgen mode: deterministic

7 petercordia the Unbeliever (level 1, -1/17 HPs) Immature Draconian Demonspawn. Began on June 17, 2022. Slain by a goblin ... wielding a +0 club (3 damage) ... on level 1 of the Dungeon. The game lasted 00:01:05 (99 turns).

petercordia the Unbeliever (DrDs)                     Turns: 99, Time: 00:01:06

Health: -1/17      AC:  5    Str: 16    XL:     1 ^: 2
Magic:  3/3        EV: 12    Int: 12    God:
Gold:   47         SH:  0    Dex: 10    Spells: 1/2 levels left

rFire    . . .     Slash    +   a - +0 morningstar
rCold    . . .     Pierce   x   (no weapon)
rNeg     . . .     Bludgeon .   (armour unavailable)
rCorr    . . .     Vision   .   (helmet restricted)
rPois    .         Gourm    .   (no cloak)
rElec    .         Faith    .   (no gloves)
MR       .....     Spirit   .   (no boots)
HPRegen  0.15/turn Reflect  .   (no amulet)
MPRegen  0.13/turn Harm     .   (no ring)
Stlth    ++........             (no ring)

@: no status effects
A: deformed body 2, cold-blooded, draconic flesh, AC +5
a: Breathe Dart


You were on level 1 of the Dungeon.
You were not hungry.

You visited 1 branch of the dungeon, and saw 1 of its levels.

You collected 47 gold pieces.

Inventory:

Weapons
 a - a +0 morningstar (weapon)
Jewellery
 d - a cursed ring of resist corrosion {(Curse: *Contam)}
Scrolls
 e - a scroll of teleportation
Comestibles
 b - 6 chunks of flesh
 c - a ration


   Skills:
 + Level 2.2 Fighting
 - Level 1.5 Maces & Staves
 - Level 2.4 Dodging
 - Level 1.3 Stealth
 - Level 1.3 Spellcasting
 - Level 1.5 Fire Magic
   Level 3.0 Invocations


You had one spell level left.
You knew the following spells:

 Your Spells              Type           Power        Failure   Level  Hunger
a - Flame Tongue          Fire           4 (30)       16%         1    24-44

Your spell library contained the following spells:

 Spells                   Type           Power        Failure   Level  Hunger
 Slow Hex 0 (100) 28% 1 24-44 Blink Tloc N/A 41% 2 64-104 Call Imp Summ 0 (100) 41% 2 64-104 Conjure Flame Fire 4 (100) 43% 3 104-164 Mephitic Cloud Pois/Air       0 (100)      65%         3    104-164


Dungeon Overview and Level Annotations

Branches:
Dungeon (1/8)

Altars:


Innate Abilities, Weirdness & Mutations

Your plain brown scales are resilient. (AC +5)
You can breathe rudimentary magical darts.
You cannot wear any armour on your peculiar form.
You are cold-blooded and are slowed more easily by cold attacks.
Your scales resist being cut, but it�s oddly easy to stick a small blade between them. (rSlashing+, rPiercing-)


Message History

A hobgoblin comes into view.
The cinder newt hisses angrily.
A goblin comes into view.
The hobgoblin shouts!
The goblin shouts!
The cinder newt bites you (1).
You are is perforated ruthlessly!
The cinder newt burns you (3).
You barely miss the cinder newt. x2
A giant cockroach comes into view.
The cinder newt bites you.
You are is perforated ruthlessly!
The cinder newt burns you (3).
You barely miss the cinder newt. x2
The cinder newt bites you (2).
You are is perforated ruthlessly!
The cinder newt burns you (4).
* * * LOW HITPOINT WARNING * * *
The cinder newt bites you.
You are is perforated ruthlessly!
The cinder newt burns you (3).
* * * LOW HITPOINT WARNING * * *
A kobold comes into view.
The goblin hits you with a +0 club (3).
You die...

..................
.#.....#.#........
.........#........
..................
.................)
..................
..................
#...#............
....#...@........
#.. #.#+#g...#...
#.#.gl...#... #
#...s......
#.....###..
...$........
.....#.......
#.....+........
#.....#......K.


You could see a cinder newt, a giant cockroach and a goblin.

Vanquished Creatures
  A dart slug (D:1)
  2 goblins (D:1)
  A bat (D:1)
  A kobold (D:1)
5 creatures vanquished.

Notes
Turn   | Place    | Note
-------+----------+-------------------------------------------
     0 | D:1      | petercordia the Immature Draconian Demonspawn began the
                  | quest for the Orb.
     0 | D:1      | Reached XP level 1. HP: 16/16 MP: 3/3
    99 | D:1      | Slain by a goblin

Levels and vault maps discovered:
D:1:      shiori_arrival_maze, layout_basic

Skill      XL: |  1 |
---------------+----+-----
Fighting       | 2 |  2.2
Maces & Staves | |  1.5
Dodging        | |  2.4
Stealth        | |  1.3
Spellcasting   | |  1.3
Fire Magic     | |  1.5
Invocations    | |  3.0

Action                   || total
-------------------------++-------
Melee: Morningstar       ||     9
       Unarmed           ||     5
       Peck              ||     1
Armor: Skin              ||     5
Dodge: Dodged            ||     2
